 Dungeon Sprint DCSS version 0.18-a0-1180-g64ccc1e (webtiles) character file.

24200000 namelastname112 the Formicid Barricade (level 27, 0/249 HPs)
             Began as a Formicid Fighter on Jan 27, 2016.
             Was the Champion of Makhleb.
             Killed from afar by a dread (33 damage)
             ... with a burst of hellfire
             ... in the Dungeon (Sprint VIII: "Arena of Blood").
             The game lasted 00:04:21 (242 turns).

namelastname112 the Formicid Barricade (FoFi)        Turns: 242, Time: 00:04:22

Health: 0/249      AC: 13    Str: 21    XL:     27
Magic:  54/54      EV: 31    Int: 12    God:    Makhleb [******]
Gold:   0          SH: 19    Dex: 19    Spells: 0 memorised, 80 levels left

rFire  . . .     SeeInvis +     k - +∞ Axe of Woe
rCold  . . .     Gourm    .     a - +0 scale mail
rNeg   . . .     Faith    .     b - +0 shield
rPois  .         Spirit   .     (helmet unavailable)
rElec  .         Dismiss  .     (no cloak)
rCorr  .         Reflect  .     (no gloves)
SustAt .         Harm     .     (no boots)
MR     ++...                    (no amulet)
Stlth  ++++++++..               (no ring)
                                (no ring)

@: very resistant to hostile enchantments, extraordinarily stealthy
A: permanent stasis, dig shafts and tunnels, four strong arms, antennae 3
a: Dig, Minor Destruction, Lesser Servant of Makhleb, Major Destruction, Greater
Servant of Makhleb, Renounce Religion


You were in the Dungeon.
You worshipped Makhleb.
Makhleb was exalted by your worship.
You were not hungry.

You visited 1 branch

Inventory:

Hand Weapons
 k - the +∞ Axe of Woe (weapon)
   (You found it in the Dungeon)
Armour
 a - a +0 scale mail (worn)
 b - a +0 shield (worn)
Scrolls
 j - a scroll of blinking
Potions
 c - a potion of might
 e - a potion of curing
 f - a potion of heal wounds
 g - a potion of haste
 h - 2 potions of magic
 i - a potion of berserk rage
Comestibles
 d - a bread ration


   Skills:
 O Level 27 Fighting
 O Level 27 Axes
 O Level 27 Throwing
 O Level 27 Armour
 O Level 27 Dodging
 O Level 27 Stealth
 O Level 27 Shields
 O Level 27 Unarmed Combat
 O Level 27 Spellcasting
 O Level 27 Invocations


You had 80 spell levels left.
You didn't know any spells.

Dungeon Overview and Level Annotations

Branches:
Dungeon (1/1)

Altars:
Makhleb


Innate Abilities, Weirdness & Mutations

You are under a permanent stasis effect.
You can dig through walls and to a lower floor.
Your four strong arms can wield two-handed weapons with a shield.
You have a pair of large antennae on your head (SInv).


Message History

A molten gargoyle, an ogre and a wraith come into view.
Unknown command.
Unknown command.
Unknown command.
The meat beast croaks, "Take thy face hence, thou craven dismal-dreaming surfacer!"
You hear a shout!
The observer moves out of view.
You hear a shout! x4
You block the meat berserker's attack.
The eight-headed meat hydra calls on the powers of darkness!
The eight-headed meat hydra convulses!
The fleshlord convulses!
The scourge convulses!
The meat berserker convulses!
The eight-headed meat hydra convulses!
The fleshlord convulses!
The bag of meat convulses!
The fleshlord convulses! x3
The meat berserker convulses!
The fleshlord convulses!
The meat berserker convulses!
Your body is wracked with pain!
* * * LOW HITPOINT WARNING * * *
The dread throws hellfire at you.
The hellfire explodes!
The burst of hellfire engulfs you!
You die...

#..###WM.#)#9#.WL..........
#....##O.)#.#OSpD.#.%...
#.....#...W2popDOo.....
#..W...S##pW2pW2O##.#.
####....)..2..p......
####.).22O####..
#.#.p9W...... #))O##.....
#.##@# ###.. #. #.# #. #.#
#. ### #. #


You could see 5 meat beasts, 2 eight-headed meat hydras, 2 scourges, 6
fleshlords, 3 dreads, a vile, 4 meat berserkers and a bag of meat.

Vanquished Creatures
  Sigmund (D)
  A hell beast (D)
  2 greater mummies (D)
  2 wraiths (D)
  Harold (D)
  13 vampire knights (D)
  19 ogres (D)
  A lich (D)
  54 orcs (D)
  4 hill giants (D)
  A sea snake (D)
  A crawling corpse (D)
100 creatures vanquished.

Vanquished Creatures (others)
  A crawling corpse (D)
1 creature vanquished.

Grand Total: 101 creatures vanquished

Notes
Turn   | Place    | Note
--------------------------------------------------------------
     0 | D        | namelastname112 the Formicid Fighter began the quest for the Orb.
     0 | D        | Reached XP level 1. HP: 18/18 MP: 1/1
     3 | D        | Noticed a bag of meat
     3 | D        | Noticed a meat berserker
     3 | D        | Killed a meat berserker
     3 | D        | Reached skill level 19 in Fighting
     3 | D        | Reached skill level 21 in Shields
     3 | D        | Reached skill level 10 in Unarmed Combat
     3 | D        | Reached XP level 2. HP: 20/51 MP: 2/2
     3 | D        | Reached XP level 3. HP: 22/58 MP: 3/3
     3 | D        | Reached XP level 4. HP: 24/65 MP: 4/4
     3 | D        | Reached XP level 5. HP: 26/72 MP: 5/5
     3 | D        | Reached XP level 6. HP: 28/79 MP: 6/6
     3 | D        | Reached XP level 7. HP: 30/85 MP: 7/7
     3 | D        | Reached XP level 8. HP: 32/93 MP: 8/8
     3 | D        | Reached XP level 9. HP: 34/99 MP: 9/9
     3 | D        | Reached XP level 10. HP: 36/107 MP: 10/10
     3 | D        | Reached XP level 11. HP: 38/113 MP: 11/11
     3 | D        | Reached XP level 12. HP: 40/120 MP: 12/12
     3 | D        | Reached XP level 13. HP: 42/127 MP: 13/13
     4 | D        | Noticed a bag of meat
     5 | D        | Became a worshipper of Makhleb the Destroyer
     7 | D        | Noticed a bag of meat
     7 | D        | Killed a bag of meat
     7 | D        | Reached skill level 1 in Axes
     7 | D        | Reached skill level 22 in Shields
     7 | D        | Reached XP level 14. HP: 45/138 MP: 14/14
     8 | D        | Noticed a bag of meat
     8 | D        | Noticed a meat berserker
     8 | D        | Noticed a bag of meat
     8 | D        | Noticed a bag of meat
     8 | D        | Noticed a bag of meat
     9 | D        | Noticed a meat berserker
    10 | D        | Noticed a bag of meat
    10 | D        | Noticed a bag of meat
    10 | D        | Noticed a meat berserker
    10 | D        | Killed a meat berserker
    10 | D        | Reached * piety under Makhleb
    10 | D        | Reached skill level 23 in Fighting
    10 | D        | Reached skill level 25 in Shields
    10 | D        | Reached XP level 15. HP: 112/151 MP: 15/15
    11 | D        | Noticed a meat berserker
    11 | D        | Reached skill level 26 in Shields
    11 | D        | Reached XP level 16. HP: 23/161 MP: 16/16
    11 | D        | Killed a meat berserker
    11 | D        | Reached ** piety under Makhleb
    11 | D        | Reached skill level 27 in Fighting
    11 | D        | Reached skill level 27 in Shields
    11 | D        | Reached skill level 27 in Armour
    11 | D        | Reached XP level 17. HP: 83/174 MP: 17/17
    12 | D        | Reached *** piety under Makhleb
    13 | D        | Noticed a large bag of meat
    13 | D        | Killed a meat berserker
    13 | D        | Reached XP level 18. HP: 33/182 MP: 18/18
    13 | D        | Reached skill level 5 in Dodging
    13 | D        | Killed a meat berserker
    13 | D        | Reached **** piety under Makhleb
    13 | D        | Reached XP level 19. HP: 76/189 MP: 19/19
    14 | D        | Noticed a meat berserker
    14 | D        | Reached skill level 27 in Unarmed Combat
    14 | D        | Reached skill level 27 in Axes
    14 | D        | Reached ***** piety under Makhleb
    14 | D        | Reached XP level 20. HP: 187/197 MP: 20/20
    17 | D        | Noticed a meat berserker
    18 | D        | Noticed a meat berserker
    18 | D        | Reached skill level 27 in Dodging
    18 | D        | Reached XP level 21. HP: 204/204 MP: 21/21
    18 | D        | Killed a meat berserker
    18 | D        | Reached skill level 10 in Throwing
    18 | D        | Reached skill level 10 in Spellcasting
    18 | D        | Reached ****** piety under Makhleb
    18 | D        | Reached skill level 15 in Stealth
    19 | D        | Noticed a destroyer
    20 | D        | Noticed a meat berserker
    20 | D        | Noticed a destroyer
    20 | D        | Noticed a large bag of meat
    21 | D        | Killed a meat berserker
    21 | D        | Reached skill level 15 in Throwing
    21 | D        | Reached skill level 15 in Spellcasting
    21 | D        | Reached XP level 22. HP: 212/212 MP: 21/41
    22 | D        | Noticed a meat berserker
    23 | D        | Noticed a meat berserker
    23 | D        | Noticed a meat berserker
    24 | D        | Killed a meat berserker
    24 | D        | Reached XP level 23. HP: 219/219 MP: 22/47
    25 | D        | Killed a destroyer
    25 | D        | Reached skill level 27 in Stealth
    25 | D        | Reached skill level 27 in Invocations
    27 | D        | Reached XP level 24. HP: 227/227 MP: 23/53
    27 | D        | Reached skill level 27 in Throwing
    27 | D        | Reached skill level 27 in Spellcasting
    28 | D        | Noticed a destroyer
    28 | D        | Reached XP level 25. HP: 234/234 MP: 23/54
    29 | D        | Killed a destroyer
    30 | D        | Reached XP level 26. HP: 242/242 MP: 23/54
    32 | D        | Noticed a destroyer
    33 | D        | Noticed The Servant
    33 | D        | Killed a destroyer
    33 | D        | Reached XP level 27. HP: 249/249 MP: 24/54
    35 | D        | Noticed a destroyer
    35 | D        | Killed a destroyer
    37 | D        | Noticed a destroyer
    38 | D        | Noticed a destroyer
    38 | D        | Noticed a destroyer
    40 | D        | Noticed a destroyer
    41 | D        | Killed a destroyer
    42 | D        | Killed a destroyer
    43 | D        | Noticed a destroyer
    43 | D        | Killed a destroyer
    44 | D        | Killed a destroyer
    44 | D        | Killed a destroyer
    45 | D        | Noticed a destroyer
    45 | D        | Noticed a destroyer
    48 | D        | Killed a destroyer
    49 | D        | Killed a destroyer
    50 | D        | Noticed an accursed
    51 | D        | Noticed an accursed
    52 | D        | Noticed an accursed
    53 | D        | Noticed a tyrant
    53 | D        | Killed a destroyer
    56 | D        | Killed an accursed
    58 | D        | Noticed a tyrant
    59 | D        | Noticed The Captor
    61 | D        | Killed a tyrant
    65 | D        | Noticed a dread
    65 | D        | Killed a dread
    67 | D        | Killed The Captor
    68 | D        | Noticed a destroyer
    69 | D        | Noticed a dread
    69 | D        | Noticed a destroyer
    73 | D        | Killed an accursed
    87 | D        | Killed The Servant
   141 | D        | Noticed a tyrant
   142 | D        | Noticed a meat beast
   237 | D        | Noticed a fleshlord
   238 | D        | Noticed a meat beast
   238 | D        | Noticed a meat beast
   238 | D        | Noticed a meat beast
   238 | D        | Noticed a meat beast
   238 | D        | Noticed a fleshlord
   238 | D        | Noticed a fleshlord
   238 | D        | Noticed a dread
   238 | D        | Noticed a fleshlord
   238 | D        | Noticed a dread
   238 | D        | Noticed a dread
   238 | D        | Noticed a vile
   238 | D        | Noticed a dread
   238 | D        | Noticed a dread
   239 | D        | Killed a meat beast
   240 | D        | Noticed a meat beast
   240 | D        | Noticed a meat beast
   240 | D        | Noticed a fleshlord
   240 | D        | Noticed a fleshlord
   240 | D        | Noticed a fleshlord
   241 | D        | Noticed a meat beast
   241 | D        | Noticed a tyrant
   241 | D        | Killed a dread
   241 | D        | Killed a destroyer
   242 | D        | Noticed a dread
   242 | D        | Noticed a vile
   242 | D        | Killed from afar by a dread

Vault maps used:
D:        meatsprint

Action                   |  1- 3 |  4- 6 |  7- 9 | 10-12 | 13-15 | 16-18 | 19-21 | 22-24 | 25-27 || total
-------------------------+-------+-------+-------+-------+-------+-------+-------+-------+-------++-------
Melee: Executioner's axe |     1 |       |       |       |     3 |     2 |     5 |     5 |    35 ||    51
 Abil: Dig               |       |       |       |       |       |       |       |       |     1 ||     1
